 Dungeon Crawl Stone Soup version 0.22-a0-379-ga9d99d6 (webtiles) character file.

565 Alphaeus the Sneak (level 7, -1/46 HPs)
             Began as an Octopode Fighter on Apr 28, 2018.
             Slain by a slave (9 damage)
             ... led by Pikel
             ... on level 4 of the Dungeon.
             The game lasted 00:03:11 (3371 turns).

Alphaeus the Sneak (Octopode Fighter)               Turns: 3371, Time: 00:03:11

Health: -1/46      AC:  1    Str: 15    XL:     7   Next: 32%
Magic:  7/7        EV: 12    Int: 10    God:
Gold:   103        SH: 10    Dex: 14    Spells: 6/6 levels left

rFire    . . .     SeeInvis .   a - +0 rapier
rCold    . . .     Gourm    .   b - +0 shield
rNeg     . . .     Faith    .   (helmet restricted)
rPois    .         Spirit   .   (no amulet)
rElec    .         Reflect  .   m - ring of protection from magic
rCorr    .         Harm     .   (no ring)
MR       +....                  (no ring)
Stlth    +++++.....             (no ring)
HPRegen  0.15/turn              (no ring)
MPRegen  0.10/turn              (no ring)
                                (no ring)
                                (no ring)

@: no status effects
A: almost no armour, stealthy swim, amphibious, 8 rings, constrict 8, camouflage
1, gelatinous body 1
a: no special abilities


You were on level 4 of the Dungeon.
You were not hungry.

You visited 1 branch of the dungeon, and saw 4 of its levels.

You collected 103 gold pieces.

Inventory:

Hand Weapons
 a - a +0 rapier (weapon)
Armour
 b - a +0 shield (worn)
Jewellery
 m - a ring of protection from magic (left tentacle)
Scrolls
 e - a scroll of amnesia {unknown}
 g - 2 scrolls of teleportation {unknown}
 i - a scroll of noise {unknown}
Comestibles
 d - 3 rations


   Skills:
 - Level 3.0 Fighting
 - Level 2.0 Short Blades
 - Level 3.0 Dodging
 * Level 7.5 Stealth
 * Level 6.1 Shields


You had 6 spell levels left.
You didn't know any spells.

Dungeon Overview and Level Annotations

Branches:
Dungeon (4/15)
 Temple: D:4-7

Altars:
Fedhas
Yredelemnul

Annotations:
D:4 Pikel


Innate Abilities, Weirdness & Mutations

You cannot wear most types of armour.
You are very stealthy in the water. (Stealth+)
You are amphibious.
You can wear up to eight rings at the same time.
You can use your tentacles to constrict eight enemies at once.
Your skin changes colour to match your surroundings (Stealth+).
Your rubbery body absorbs attacks. (AC +1, EV +1)


Message History

You climb downwards. 4 slaves and Pikel come into view.
Pikel is wielding a whip of freezing.
The slave shouts!
Pikel shouts!
Found 13 gold pieces.
Found a stone staircase leading down.
There is a stone staircase leading up here.
Pikel drinks a potion.
Pikel suddenly seems more agile.
You climb upwards.
There is a stone staircase leading down here.
You climb downwards.
Level annotation: Pikel The slave shouts!
You block the slave's attack. The slave hits you. You block the slave's attack.
The slave barely misses you. Pikel hits you with a whip of freezing.
Pikel freezes you. The slave hits you. The slave hits you!
There is a stone staircase leading up, spattered with blood here.
The slave hits you! You block Pikel's attack. You block the slave's attack.
The slave hits you!
* * * LOW HITPOINT WARNING * * *
The slave hits you!
You die...

# #####
...##...#
..$...pK#
>.....p@#
......pp#
..#######


You could see Pikel and 4 slaves.

Vanquished Creatures
  Sigmund (D:2)
  The ghost of GoodGuyCap the Insei, an amateur OpMo (D:3)
  An orc priest (D:3)
  Crazy Yiuf (D:2)
  3 orc wizards (D:3)
  Jessica (D:2)
  4 adders (D:3)
  A worm (D:2)
  3 dart slugs
  2 leopard geckos
  8 orcs (D:3)
  2 bats (D:1)
  4 giant cockroaches
  9 goblins
  3 hobgoblins
  10 jackals
  2 quokkas (D:2)
  A ball python (D:3)
  3 frilled lizards
  4 kobolds
  10 rats
74 creatures vanquished.

Notes
Turn   | Place    | Note
-------+----------+-------------------------------------------
     0 | D:1      | Alphaeus the Octopode Fighter began the quest for the Orb.
     0 | D:1      | Reached XP level 1. HP: 16/16 MP: 1/1
    11 | D:1      | Reached skill level 1 in Stealth
   367 | D:1      | Reached XP level 2. HP: 21/21 MP: 2/2
   486 | D:1      | Reached skill level 2 in Stealth
  1195 | D:2      | Noticed Jessica
  1203 | D:2      | Killed Jessica
  1203 | D:2      | Reached skill level 3 in Stealth
  1203 | D:2      | Reached XP level 3. HP: 19/26 MP: 3/3
  1319 | D:2      | Found a blossoming altar of Fedhas.
  1360 | D:2      | Reached XP level 4. HP: 26/31 MP: 4/4
  1507 | D:2      | Found a runed door.
  1684 | D:2      | Noticed Sigmund
  1693 | D:2      | Killed Sigmund
  1693 | D:2      | Reached skill level 5 in Stealth
  1693 | D:2      | Reached skill level 5 in Shields
  1693 | D:2      | Reached XP level 5. HP: 29/36 MP: 5/5
  1693 | D:2      | Reached XP level 6. HP: 34/42 MP: 6/6
  2008 | D:2      | Noticed Crazy Yiuf
  2018 | D:2      | Killed Crazy Yiuf
  2155 | D:3      | Noticed GoodGuyCap's ghost (amateur OpMo)
  2163 | D:3      | Reached skill level 6 in Stealth
  2416 | D:3      | Killed GoodGuyCap's ghost
  2749 | D:3      | Reached XP level 7. HP: 46/46 MP: 7/7
  2765 | D:3      | Reached skill level 7 in Stealth
  3119 | D:3      | Found a basalt altar of Yredelemnul.
  3361 | D:4      | Noticed Pikel
  3371 | D:4      | Slain by a slave

Vault maps used:
D:1:      eino_arrival_cavern_d
D:2:      nicolae_overflow_crystal_walls, eino_tiny_chamber, uniq_jessica,
          uniq_sigmund, uniq_crazy_yiuf_cottage
D:3:      marbit_many_paths, first_ration, grunt_decor_cap
D:4:      uniq_pikel

Skill      XL: |  1  2  3  4  5  6  7 |
---------------+----------------------+-----
Stealth        | 1 3 5 6 7 |  7.5
Shields        | 5 6 |  6.1
Fighting       | |  3.0
Short Blades   | |  2.0
Dodging        | |  3.0

Action                   |  1- 3 |  4- 6 |  7- 9 || total
-------------------------+-------+-------+-------++-------
Melee: Rapier            |    55 |    65 |    27 ||   147
       Constrict         |    16 |    15 |     4 ||    35
       Tentacles         |     5 |    11 |     3 ||    19
  Use: Potion            |       |     5 |       ||     5
 Stab: Sleeping          |     2 |    11 |     9 ||    22
  Eat: Chunk             |     1 |     3 |       ||     4
       Ration            |       |       |     1 ||     1
Armor: Skin              |     5 |     2 |       ||     7
Dodge: Dodged            |    12 |    30 |     8 ||    50
Block: Shield            |    26 |    30 |     8 ||    64

Table legend:
 A = Spawn XP
 B = Non-spawn XP
 C = Spawn XP percentage of total XP
 D = Spawn monster count
 E = Non-spawn monster count
 F = Spawn count percentage of total count
 G = Total turns spent on level
                    A         B        C        D         E        F      G
               +---------+---------+-------+---------+---------+-------+---------
         Total |       0 |     808 |   0.0 |       0 |      74 |   0.0 |  3371
               +---------+---------+-------+---------+---------+-------+---------
           D:1 |       0 |      29 |   0.0 |       0 |      16 |   0.0 |  1173
           D:2 |       0 |     353 |   0.0 |       0 |      25 |   0.0 |   903
           D:3 |       0 |     426 |   0.0 |       0 |      33 |   0.0 |  1287
               +---------+---------+-------+---------+---------+-------+---------
